 Dungeon Crawl Stone Soup version 0.18.0-1-g0107ab7 (webtiles) character file.

668 Heskey the Skirmisher (level 7, -2/47 HPs)
             Began as a Gargoyle Fighter on May 5, 2016.
             Was an Initiate of Qazlal.
             Slain by an orc warrior
             ... wielding a +0 hand axe
              (14 damage)
             ... on level 6 of the Dungeon.
             The game lasted 00:08:32 (4380 turns).

Heskey the Skirmisher (Gargoyle Fighter)            Turns: 4380, Time: 00:08:33

Health: -2/47      AC: 14    Str: 21    XL:     7   Next: 58%
Magic:  7/7        EV:  7    Int:  9    God:    Qazlal [......]
Gold:   276        SH:  9    Dex:  9    Spells: 0 memorised, 6 levels left

rFire  . . .     SeeInvis .     a - +1 flail
rCold  . . .     Gourm    .     b - +0 scale mail
rNeg   + . .     Faith    .     c - +0 shield
rPois  ∞         Spirit   .     (no helmet)
rElec  +         Dismiss  +     (no cloak)
rCorr  .         Reflect  .     p - +0 pair of gloves
SustAt .         Harm     .     m - +0 pair of boots
MR     .....                    o - amulet of dismissal
Stlth  ..........               (no ring)
                                (no ring)

@: not resistant to hostile enchantments, extremely unstealthy
A: negative energy resistance 1, electricity resistance, unbreathing,
petrification resistance, rot immunity, AC +4
a: Renounce Religion


You were on level 6 of the Dungeon.
You worshipped Qazlal.
Qazlal was noncommittal.
You were not hungry.

You visited 1 branch of the dungeon, and saw 6 of its levels.

You collected 276 gold pieces.

Inventory:

Hand Weapons
 a - a +1 flail (weapon)
Armour
 b - a +0 scale mail (worn)
 c - a +0 shield (worn)
 m - a +0 pair of boots (worn)
 p - a +0 pair of gloves (worn)
Jewellery
 o - an amulet of dismissal (around neck)
Wands
 d - a wand of confusion (22/48)
Scrolls
 e - 4 scrolls of identify
 g - a scroll of enchant weapon
 k - a scroll of remove curse
 s - a scroll of enchant armour {unknown}
 t - a scroll of recharging
Potions
 h - 2 potions of flight
 l - 2 potions of heal wounds
 q - 4 potions of curing
 r - a potion of cancellation {unknown}
Comestibles
 f - 5 bread rations
 i - 2 meat rations
 j - 2 slices of pizza
 u - 4 fruits


   Skills:
 * Level 6.7 Fighting
 + Level 4.8 Maces & Flails
 + Level 5.4 Armour
 - Level 3.2 Shields


You had 6 spell levels left.
You didn't know any spells.

Dungeon Overview and Level Annotations

Branches:
Dungeon (6/15)             Temple (0/1) D:5

Altars:
Pakellas
Qazlal
Trog
Yredelemnul
The Shining One


Innate Abilities, Weirdness & Mutations

You are resistant to torment.
Your stone body is resilient (AC +4).
You are immune to poison.
You resist negative energy.
You are resistant to electric shocks.
You can survive without breathing.
You are immune to petrification.
You are immune to rotting.


Message History

The orc warrior hits you but does no damage.
The centaur hits you but does no damage.
You block the orc's attack.
The orc warrior hits you but does no damage.
Unknown command.
You hit the centaur.
The centaur is severely wounded.
The centaur hits you but does no damage.
You block the orc's attack. The centaur closely misses you.
The orc warrior hits you with a hand axe!
* * * LOW HITPOINT WARNING * * *
Unknown command.
You are too injured to fight recklessly!
Unknown command.
You are too injured to fight recklessly!
You block the centaur's attack.
The centaur wields an uncursed shortbow.
The centaur shoots an arrow.
The arrow hits you but does no damage.
The orc warrior hits you with a hand axe!
You die...

##..## ..#
##....###..#
######
..........#
##^...#
.........#
##..####
..#?....#
##.###
#)o....[# ##.##
#co...... #.##
#.o...... .##
####
###@....### .#
##..###.....###
##
#..........## #
#.........## #
#..........# .
# ##..#####..#
##..# # ####
#..#####....#
## #.......#
.### ##.##..###


You could see an orc warrior, a centaur and 2 orcs.

Vanquished Creatures
  An ogre (D:3)
  A howler monkey (D:3)
  A crimson imp (D:5)
  2 hounds
  2 orc priests
  A giant frog skeleton (D:5)
  An orc wizard (D:5)
  5 worker ants
  A hound skeleton (D:5)
  4 gnolls
  7 adders
  2 oozes (D:3)
  2 worms
  A dart slug (D:5)
  A giant gecko (D:3)
  14 orcs
  5 bats
  5 giant cockroaches
  7 hobgoblins
  3 jackals (D:4)
  4 kobolds
  2 quokkas
  A giant gecko skeleton (D:4)
  4 giant newts
  6 goblins
  8 rats
91 creatures vanquished.

Notes
Turn   | Place    | Note
--------------------------------------------------------------
     0 | D:1      | Heskey the Gargoyle Fighter began the quest for the Orb.
     0 | D:1      | Reached XP level 1. HP: 14/14 MP: 1/1
   186 | D:1      | Reached XP level 2. HP: 13/19 MP: 2/2
   840 | D:2      | Reached XP level 3. HP: 23/24 MP: 3/3
  1065 | D:2      | Reached skill level 4 in Fighting
  1644 | D:3      | Reached XP level 4. HP: 29/29 MP: 4/4
  1672 | D:3      | Found a basalt altar of Yredelemnul.
  2052 | D:3      | Reached XP level 5. HP: 33/34 MP: 5/5
  2366 | D:4      | Found a stormy altar of Qazlal.
  2377 | D:4      | Noticed an ogre
  2379 | D:4      | Reached skill level 5 in Fighting
  2654 | D:3      | Killed an ogre
  2654 | D:3      | Reached XP level 6. HP: 21/40 MP: 6/6
  2923 | D:4      | Became a worshipper of Qazlal Stormbringer
  3227 | D:5      | Entered Level 5 of the Dungeon
  3461 | D:5      | Reached skill level 5 in Armour
  3529 | D:5      | Found an oddly glowing altar of Pakellas.
  3689 | D:5      | Reached XP level 7. HP: 43/45 MP: 7/7
  3718 | D:5      | Found a glowing golden altar of the Shining One.
  3726 | D:5      | Reached skill level 6 in Fighting
  3839 | D:5      | Found a staircase to the Ecumenical Temple.
  4095 | D:5      | Noticed a moth of wrath
  4097 | D:5      | Found a bloodstained altar of Trog.
  4380 | D:6      | Slain by an orc warrior

Skill      XL: |  1  2  3  4  5  6  7 |
---------------+----------------------+-----
Fighting       | 4 5 6 |  6.7
Maces & Flails | 3 4 |  4.8
Armour         | 4 5 |  5.4
Shields        | |  3.2

Action                   |  1- 3 |  4- 6 |  7- 9 || total
-------------------------+-------+-------+-------++-------
Melee: Flail             |   154 |   199 |    96 ||   449
  Use: Scroll            |       |     8 |     1 ||     9
       Potion            |       |     8 |       ||     8
  Eat: Chunk             |     3 |     2 |     3 ||     8
       Beef jerky        |       |     1 |       ||     1
       Royal jelly       |       |     1 |       ||     1
       Pizza             |       |     1 |       ||     1
Armor: Scale mail        |    90 |   107 |    62 ||   259
Dodge: Dodged            |    53 |    82 |    32 ||   167
Block: Shield            |    78 |   117 |    45 ||   240
